 Dungeon Crawl Stone Soup version 0.29.1-1-gd02db6906a (webtiles) character file.

Game seed: 12510243102836226713

181 Eitelfritz the Ruffian (level 5, -5/49 HPs)
             Began as a Troll Gladiator on Sept 18, 2022.
             Killed by divine providence
             ... invoked by an orc priest
              (13 damage)
             ... on level 4 of the Dungeon.
             The game lasted 00:05:00 (2547 turns).

Eitelfritz the Ruffian (Troll Gladiator)            Turns: 2547, Time: 00:05:01

Health: -5/49      AC:  4    Str: 22    XL:     5   Next: 34%
Magic:  4/4        EV: 10    Int:  6    God:
Gold:   218        SH:  0    Dex: 11    Spells: 4/4 levels left

rFire   . . .      SeeInvis .     - Unarmed
rCold   . . .      Faith    .   (no shield)
rNeg    . . .      Spirit   .   a - +0 robe
rPois   .          Reflect  .   b - +0 hat
rElec   .          Harm     .   (no cloak)
rCorr   .          Rampage  .   (gloves unavailable)
Will    .....                   (boots unavailable)
Stlth   +.........              (no amulet)
HPRegen 0.96/turn               (no ring)
MPRegen 0.09/turn               (no ring)

@: confused
A: large, unfitting armour, claws 3, regeneration 1, shaggy fur 1, tough skin 1
a: no special abilities


You were on level 4 of the Dungeon.
You visited 1 branch of the dungeon, and saw 4 of its levels.

You collected 218 gold pieces.

Inventory:

Hand Weapons
 t - a +0 flail
 v - a +2 hand axe of flaming
Missiles
 c - 3 throwing nets (quivered)
 d - 5 large rocks
 g - 4 boomerangs
 h - 11 poisoned darts
Armour
 a - a +0 robe (worn)
 b - a +0 hat (worn)
Wands
 s - a wand of flame (20)
 w - a wand of roots (9)
Scrolls
 e - a scroll of enchant armour {unknown}
 i - a scroll of vulnerability {unknown}
 k - 2 scrolls of teleportation {unknown}
 m - 4 scrolls of identify {unknown}
 o - 2 scrolls of enchant weapon {unknown}
 p - a scroll of poison {unknown}
 q - a scroll of fear {unknown}
 y - a scroll of blinking {unknown}
 z - a scroll of magic mapping {unknown}
Potions
 f - a potion of magic {unknown}
 j - 2 potions of might {unknown}
 l - a potion of flight {unknown}
 n - a potion of lignification {unknown}
 r - a potion of attraction {unknown}
 u - a potion of heal wounds {unknown}
 x - 2 potions of mutation {unknown}


   Skills:
 + Level 1.7 Fighting
 * Level 0.6 Maces & Flails
 + Level 2.0 Throwing
 + Level 3.3 Dodging
 + Level 0.5 Stealth
 + Level 4.8 Unarmed Combat


You had 4 spell levels left.
You didn't know any spells.
Your spell library contained the following spells:

 Spells                   Type           Power      Damage    Failure   Level
 Confusing Touch          Hex            0%         N/A       83%         3
 Summon Guardian Golem    Hex/Summ       0%         N/A       83%         3
 Yara's Violent Unravell  Hex/Tmut       0%         3d3       100%        5
 Enfeeble                 Hex            0%         N/A       100%        7
 Orb of Destruction       Conj           0%         9d5       100%        7
 Spellforged Servitor     Conj/Summ      0%         N/A       100%        7


Dungeon Overview and Level Annotations

Branches:
Dungeon (4/15)
 Temple: D:4-7

Altars:
Kikubaaqudgha


Innate Abilities, Weirdness & Mutations

You are too large for most types of armour.
You have claws for hands.
Your natural rate of healing is unusually fast.
You are covered in fur. (AC +1)
You have tough skin. (AC +1)


Message History

The orc hits you with a +0 whip.
The orc wizard hits you but does no damage.
Something hits you. The orc hits you with a +0 morningstar!
The endoplasm hits you but does no damage.
You barely miss the orc wizard.
The orc wizard is heavily wounded.
The orc priest shouts!
The orc wizard hits you but does no damage.
You hear some strange, mumbled words.
Something tries to affect you, but you resist.
The orc barely misses you. The endoplasm freezes you.
You are frozen.
The orc misses you. The endoplasm attacks as you move away!
The endoplasm misses you. Something hits you.
The orc wizard points at you and mumbles some strange words.
You are confused.
You're too confused to move!
The orc hits you but does no damage.
The orc priest looks satisfied for a moment.
Something hits you.
You barely miss something. The orc hits you with a +0 whip.
* * * LOW HITPOINT WARNING * * *
Something hits you.
* * * LOW HITPOINT WARNING * * *
The endoplasm barely misses you.
You bump into the rock wall.
The orc priest calls upon Beogh to heal the orc wizard.
The endoplasm hits you.
* * * LOW HITPOINT WARNING * * *
Unknown command.
You bump into the rock wall.
Something hits you but does no damage. The endoplasm freezes you.
You are frozen.
* * * LOW HITPOINT WARNING * * *
Unknown command.
You scratch the orc wizard. You claw the orc wizard.
You kill the orc wizard!
The orc priest invokes the aid of Beogh against you.
Beogh smites you!
You die...

......## #......
...... ##.... ##....#
#####.....#
#......o..# # #
#####.#..o#...#.#..
..........@oo......
#.#########J.......
#.# #..............
#.###.#####........
#.#................
#.#..............##
#.#<#................
#....†..##########...
######### ...


You could see an orc priest, 3 orcs and an endoplasm.

Vanquished Creatures
  An orc priest (D:3)
  Ijyb (D:3)
  An orc wizard (D:4)
  3 adders
  3 worms
  A dart slug (D:1)
  7 orcs (D:3)
  6 bats
  9 endoplasms
  2 giant cockroaches (D:1)
  2 goblins
  7 hobgoblins
  9 jackals
  6 kobolds
  5 quokkas
  3 ball pythons
  2 frilled lizards
  8 rats
76 creatures vanquished.

Notes
Turn   | Place    | Note
-------+----------+-------------------------------------------
     0 | D:1      | Eitelfritz the Troll Gladiator began the quest for the Orb.
     0 | D:1      | Reached XP level 1. HP: 19/19 MP: 0/0
   213 | D:1      | Reached XP level 2. HP: 22/27 MP: 1/1
   710 | D:1      | Reached XP level 3. HP: 33/33 MP: 2/2
  1080 | D:2      | Found an ancient bone altar of Kikubaaqudgha.
  1331 | D:2      | Found a faded altar of an unknown god.
  1553 | D:2      | Reached skill level 4 in Unarmed Combat
  1647 | D:3      | Noticed Ijyb
  1654 | D:3      | Killed Ijyb
  1655 | D:3      | Reached XP level 4. HP: 36/42 MP: 3/3
  1798 | D:3      | Reached XP level 5. HP: 49/49 MP: 4/4
  2547 | D:4      | Killed from afar by an orc priest

Illustrated notes

Levels and vault maps discovered:
D:1:      onia_arrival_handbag, layout_basic, kennysheep_small_spiral,
          chequers_avenue
D:2:      layout_basic, ebering_ecumenical_altar_ruins, serial_glass,
          glass_columns_a, glass_columns_a, basic_altar
D:3:      minmay_recursive_quarters, layout_loops_ring,
          minmay_fractal_squares_gapless_5, uniq_ijyb
D:4:      layout_basic, small_statue_intersection, uniq_natasha

Skill      XL: |  1  2  3 |
---------------+----------+-----
Throwing       | 2 |  2.0
Dodging        | 3 |  3.3
Unarmed Combat | 4 |  4.8
Fighting       | |  1.7
Maces & Flails | |  0.6
Stealth        | |  0.5

Action                   |  1- 3 |  4- 6 || total
-------------------------+-------+-------++-------
Melee: Unarmed           |    93 |    88 ||   181
       Punch             |     2 |     3 ||     5
 Stab: Sleeping          |     1 |     1 ||     2
       Distracted        |       |     1 ||     1
Armor: Robe              |    28 |    36 ||    64
Dodge: Dodged            |    49 |    62 ||   111
